cohdb
Replays
Latest Replays
All Replays
Popular Replays
Top Player Replays
Match Explorer
How It Works
Community
CoH3 Stats
Reddit
Sign in to upload your games and track your stats! →
Sign in with Steam
Match 43219440
Unlisted
Match 43219440
Overview
Messages
Build Orders
End
Selects Special Operations Battlegroup
Selects M29 Weasel Recon Vehicle
M29 Weasel Recon Vehicle
Construct Barracks
Riflemen Squad
Riflemen Squad
Selects Smoke Screen
Riflemen Squad
Mechanized Support Center
Grenade Package
Construct Motor Pool
M8 Greyhound Armored Car
Engineer Squad
Smoke Screen
Selects SSF Commando Squad
SSF Commando Squad
M24 Chaffee Light Tank
SSF Commando Squad
Construct Medical Station
BIOHAZARD
john_wik
Sauzer88
Gorgolo
AMSAY
NoName
Erwin Rommel
Mat
0
0
Comments
sign in to comment!
No comments posted yet!